 Dungeon Crawl Stone Soup version 0.18.1-8-gdd0e5ea (webtiles) character file.

72 juanjsm the Insei (level 4, 0/28 HPs)
             Began as an Octopode Transmuter on June 7, 2016.
             Succumbed to an adder's poison
             ... on level 2 of the Dungeon.
             The game lasted 00:04:52 (932 turns).

juanjsm the Insei (Octopode Transmuter)              Turns: 932, Time: 00:04:52

Health: 0/28       AC:  1    Str:  9    XL:     4   Next: 25%
Magic:  6/7        EV: 12    Int: 16    God:
Gold:   44         SH:  0    Dex: 12    Spells: 2 memorised, 4 levels left

rFire  . . .     SeeInvis .       - Unarmed
rCold  . . .     Gourm    +     (no shield)
rNeg   . . .     Faith    .     (helmet restricted)
rPois  .         Spirit   .     f - amulet of the gourmand
rElec  .         Dismiss  .     (no ring)
rCorr  .         Reflect  .     (no ring)
SustAt .         Harm     .     (no ring)
MR     .....                    (no ring)
Stlth  +++.......               (no ring)
                                (no ring)
                                (no ring)
                                (no ring)

@: lethally poisoned (0 -> -3), appendage (expiring), very slightly
contaminated, invisible, not resistant to hostile enchantments, fairly stealthy
A: almost no armour, amphibious, 8 rings, constrict 8, tentacle spike 3,
camouflage 1, gelatinous body 1
a: End Transformation


You were on level 2 of the Dungeon.
You were completely stuffed.
One of your tentacles had a temporary spike.
You visited 1 branch of the dungeon, and saw 2 of its levels.

You collected 44 gold pieces.

Inventory:

Hand Weapons
 m - a +0 dagger of speed
Missiles
 a - 12 arrows
Jewellery
 f - an amulet of the gourmand (around mantle)
Scrolls
 e - a scroll of teleportation {unknown}
 g - a scroll of immolation
 h - a scroll of enchant weapon {unknown}
 k - a scroll of random uselessness {unknown}
 l - 3 scrolls of remove curse
 n - a scroll of fear {unknown}
Potions
 d - a potion of invisibility
Books
 b - a book of Changes

   Spells                             Type                      Level
   a - Beastly Appendage              Transmutation                1
   b - Sticks to Snakes               Transmutation                2
   c - Spider Form                    Transmutation/Poison         3
   d - Ice Form                       Ice/Transmutation            4
   e - Blade Hands                    Transmutation                5
Comestibles
 c - 2 bread rations
 i - a slice of pizza
 j - 10 chunks of flesh


   Skills:
 + Level 1.2 Fighting
 + Level 2.1 Dodging
 + Level 2.0 Stealth
 + Level 3.9 Unarmed Combat
 + Level 2.5 Spellcasting
 + Level 2.3 Transmutations


You had 4 spell levels left.
You knew the following spells:

 Your Spells              Type           Power        Failure   Level  Hunger
a - Beastly Appendage     Trmt           #.....       10%         1    #......
b - Spider Form           Trmt/Pois      #.........   38%         3    ###....


Dungeon Overview and Level Annotations

Branches:
Dungeon (2/15)

Altars:
Ashenzari


Innate Abilities, Weirdness & Mutations

You cannot wear most types of armour.
You are amphibious.
You can wear up to eight rings at the same time.
You can use your tentacles to constrict eight enemies at once.
Your skin changes colour to match your surroundings (Stealth).
Your rubbery body absorbs attacks (AC +1).
One of your tentacles bears a large vicious spike.


Message History

You kill the adder!
Your Stealth skill increases to level 2!
* * * LOW HITPOINT WARNING * * *
You feel sick.
Drink which item? (? for menu, Esc to quit)
Okay, then.
Read which item? (? for menu, Esc to quit)
As you read the scroll labeled FASUZ BULY, it crumbles to dust.
The creatures around you are filled with an inner flame!
It was a scroll of immolation.
Read which item? (? for menu, Esc to quit)
As you read the scroll labeled NUPSIVV TUANA, it crumbles to dust.
You feel blessed for a moment.
It was a scroll of remove curse.
There is a lethal amount of poison in your body!
You are too injured to fight recklessly!
* * * LOW HITPOINT WARNING * * *
You feel sick.
Found a whip.
A goblin comes into view.
You die...

.........# #..######
≈.≈g≈.≈.≈.≈.≈# #.....#÷.
.............###.#.#.#.#
≈.≈.≈.≈.≈.≈.≈....#.#.#.#
.............#####.#...#
≈g≈.≈.≈.≈.≈.≈# #.##.##
....g........# #.#...#
≈.≈.≈.≈.≈.≈.≈# #.#...#
..)....@.....# #......
≈.≈.≈.≈.≈.≈.≈## #......
..............####.÷....
≈.≈.≈.≈.≈.≈.≈.#........#
..........†...#...8..[.#
≈.≈.≈.≈.≈.≈...#..8.8..##
.########..#.##.8._.8.#
#....##..8.8..#
##.####...8...##


You could see 3 goblins.

Vanquished Creatures
  3 adders (D:2)
  2 dart slugs (D:1)
  3 giant geckos
  2 bats
  2 giant cockroaches (D:1)
  6 goblins (D:1)
  6 hobgoblins
  4 jackals (D:1)
  A kobold (D:1)
  2 giant newts (D:1)
  A rat (D:1)
32 creatures vanquished.

Notes
Turn   | Place    | Note
--------------------------------------------------------------
     0 | D:1      | juanjsm the Octopode Transmuter began the quest for the Orb.
     0 | D:1      | Reached XP level 1. HP: 13/13 MP: 3/3
    18 | D:1      | Reached XP level 2. HP: 13/18 MP: 5/5
   417 | D:1      | Reached XP level 3. HP: 20/23 MP: 6/6
   427 | D:1      | Learned a level 3 spell: Spider Form
   450 | D:1      | Found a shattered altar of Ashenzari.
   841 | D:2      | Found a faded altar to an unknown god.
   850 | D:2      | Reached skill level 1 in Stealth
   922 | D:2      | Reached XP level 4. HP: 11/28 MP: 5/7
   930 | D:2      | HP: 1/28 [poisoned by an adder]
   932 | D:2      | Succumbed to an adder's poison

Skill      XL: |  1  2  3  4 |
---------------+-------------+-----
Stealth        | 1 2 |  2.0
Fighting       | |  1.2
Dodging        | |  2.1
Unarmed Combat | |  3.9
Spellcasting   | |  2.5
Transmutations | |  2.3

Action                   |  1- 3 |  4- 6 || total
-------------------------+-------+-------++-------
Melee: Unarmed           |    59 |     4 ||    63
       Constrict         |    15 |     1 ||    16
       Tentacles         |    10 |       ||    10
       Kick              |     9 |     1 ||    10
 Cast: Beastly Appendage |    15 |       ||    15
  Use: Scroll            |       |     2 ||     2
       Potion            |       |     1 ||     1
 Stab: Sleeping          |     9 |       ||     9
  Eat: Chunk             |    15 |       ||    15
Armor: Skin              |     7 |     1 ||     8
Dodge: Dodged            |    23 |     2 ||    25
